 Dungeon Crawl Stone Soup version 0.29-a0-284-gf9362112df (webtiles) character file.

Game seed: 15078431974862075642

48 sizableburger the Skirmisher (level 3, 0/23 HPs)
             Began as a Deep Elf Fighter on Mar 30, 2022.
             Slain by Terence
             ... wielding a +0 morningstar
              (12 damage)
             ... on level 2 of the Dungeon.
             The game lasted 00:02:43 (1909 turns).

sizableburger the Skirmisher (Deep Elf Fighter)     Turns: 1909, Time: 00:02:43

Health: 0/23       AC:  6    Str: 15    XL:     3   Next: 50%
Magic:  5/5        EV:  8    Int: 12    God:
Gold:   121        SH:  4    Dex: 14    Spells: 2/2 levels left

rFire   . . .      SeeInvis .   a - +0 rapier
rCold   . . .      Faith    .   c - +0 buckler
rNeg    . . .      Spirit   .   b - +0 scale mail
rPois   .          Reflect  .   (no helmet)
rElec   .          Harm     .   (no cloak)
rCorr   .          Rampage  .   (no gloves)
Will    .....                   (no boots)
Stlth   ..........              (no amulet)
HPRegen 0.07/turn               (no ring)
MPRegen 0.09/turn               (no ring)

@: no status effects
A: no striking features
a: no special abilities


You were on level 2 of the Dungeon.
You visited 1 branch of the dungeon, and saw 2 of its levels.

You collected 121 gold pieces.

Inventory:

Hand Weapons
 a - a +0 rapier (weapon)
 f - a +0 hand crossbow
Armour
 b - a +0 scale mail (worn)
 c - a +0 buckler (worn)
Scrolls
 i - 2 scrolls of identify {unknown}
 j - a scroll of fog {unknown}
 k - a scroll of magic mapping {unknown}
Potions
 d - a potion of might
 e - a potion of attraction {unknown}
 g - a potion of berserk rage {unknown}


   Skills:
 + Level 3.1 Fighting
 + Level 3.1 Short Blades
 - Level 2.4 Armour
 - Level 2.4 Shields


You had 2 spell levels left.
You didn't know any spells.
Your spell library was empty.

Dungeon Overview and Level Annotations

Branches:
Dungeon (2/15)

Altars:

Annotations:
D:2 Terence


Message History

Shoot: f) +0 hand crossbow
Press: ? - help, Q - select action Shift-Dir - straight line, f - Terence
Aim: Terence, wielding a +0 morningstar and wearing a +0 scale mail (64% to hit)
You shoot a bolt.
The bolt hits Terence but does no damage.
Terence says, "Did you write a will?
You should..."
Shoot: f) +0 hand crossbow
Press: ? - help, Q - select action Shift-Dir - straight line, f/p - Terence
Aim: Terence, wielding a +0 morningstar and wearing a +0 scale mail (64% to hit)
You shoot a bolt. The bolt hits Terence!
Terence is moderately wounded.
Shoot: f) +0 hand crossbow
Press: ? - help, Q - select action Shift-Dir - straight line, f/p - Terence
Aim: Terence, wielding a +0 morningstar and wearing a +0 scale mail (moderately wounded, 64% to hit)
You shoot a bolt. The bolt closely misses Terence.
Unknown command.
a - a +0 rapier (weapon)
You closely miss Terence.
Terence is moderately wounded.
Terence hits you with a +0 morningstar. Terence barely misses you.
You hit Terence but do no damage.
Terence is moderately wounded.
Terence hits you with a +0 morningstar!
You closely miss Terence.
Terence is moderately wounded.
Terence barely misses you.
You hit Terence.
Terence is heavily wounded.
Terence completely misses you.
You hit Terence.
Terence is severely wounded.
Terence closely misses you.
You hit Terence.
Terence is almost dead.
Terence barely misses you.
You hit Terence.
Terence is almost dead.
Terence hits you with a +0 morningstar!
Ouch! That really hurt!
You die...

###############
#.#....@.).......
#.#.#############
#.#.#....# #.#.#.##.##
#### #.#......#. ..#
#.###.####.# #.#
#..........####.#######
...†...........@@.....#
#####.###.#..##.#####.#
# #.# #.......# #####.#
####.#### ......# #.#
############.########
.....................
#############.######.
#..#


You could see Terence.

Vanquished Creatures
  An adder (D:2)
  A dart slug (D:2)
  An orc (D:2)
  5 endoplasms
  2 giant cockroaches
  6 goblins
  A hobgoblin (D:1)
  3 quokkas (D:1)
  A ball python (D:1)
  A bat (D:1)
  3 frilled lizards (D:1)
  4 kobolds
  5 rats
34 creatures vanquished.

Notes
Turn   | Place    | Note
-------+----------+-------------------------------------------
     0 | D:1      | sizableburger the Deep Elf Fighter began the quest for the
                  | Orb.
     0 | D:1      | Reached XP level 1. HP: 13/13 MP: 3/3
   273 | D:1      | Reached XP level 2. HP: 15/18 MP: 4/4
  1251 | D:2      | Reached XP level 3. HP: 14/23 MP: 5/5
  1593 | D:2      | Noticed Terence
  1601 | D:2      | Found a faded altar of an unknown god.
  1909 | D:2      | Slain by Terence

Illustrated notes

Levels and vault maps discovered:
D:1:      dpeg_chamrin_arrival_tetris, layout_loops_ring
D:2:      layout_basic, basic_ecumenical_altar, uniq_terence

Skill      XL: |  1  2  3 |
---------------+----------+-----
Fighting       | 3 |  3.1
Short Blades   | 3 |  3.1
Armour         | |  2.4
Shields        | |  2.4

Action                   || total
-------------------------++-------
Melee: Rapier            ||   118
 Fire: Hand crossbow     ||     3
  Use: Scroll            ||     3
Armor: Scale mail        ||    38
Dodge: Dodged            ||    43
Block: Buckler           ||    24

Table legend: (Time is in decaauts)
 A = Elapsed time spent in this place.
 B = Non-inter-level travel time spent in this place.
 C = Inter-level travel time spent in this place.
 D = Time resting spent in this place.
 E = Time spent auto-exploring this place.
 F = Levels seen in this place.
 G = Mean time per level.
                   A        B        C        D        E       F      G
               +--------+--------+--------+--------+--------+-----+--------+
         Total |   1923 |   1896 |     27 |    391 |   1208 |   2 |  961.5 |
       Dungeon |   1923 |   1896 |     27 |    391 |   1208 |   2 |  961.5 |
               +--------+--------+--------+--------+--------+-----+--------+

Top non-repeatable levels by time:
     D:1: 1360 daAuts
     D:2: 563 daAuts
